 Dungeon Crawl Stone Soup version 0.30-b1-2-g02819fbbbe (webtiles) character file.

Game seed: 3060791096759346616

3852 LLlMATKO the Fighter (level 9, -1/84 HPs)
             Began as a Minotaur Berserker on Aug 5, 2023.
             Was an Elder of Trog.
             Slain by an ice beast (4 damage)
             ... on level 8 of the Dungeon on Aug 6, 2023.
             The game lasted 00:05:21 (6227 turns).

LLlMATKO the Fighter (Minotaur Berserker)           Turns: 6227, Time: 00:05:21

Health: -1/84      AC: 12    Str: 25    XL:     9   Next: 99%
Magic:  8/8        EV: 11    Int:  4    God:    Trog [****..]
Gold:   317        SH:  0    Dex: 11    Spells: 8/8 levels left

rFire   . . .        a - +0 hand axe
rCold   . . .        (no shield)
rNeg    . . .        x - +0 chain mail
rPois   .            (helmet restricted)
rElec   .            (no cloak)
rCorr   .            u - +0 pair of gloves
SInv    .            (no boots)
Will    .....        (no amulet) Stlth
                     (no ring)
HPRegen 0.34/turn    (no ring)
MPRegen 0.11/turn

%: no passive effects
@: on berserk cooldown, slowed, very slow
A: horns 2, retaliatory headbutt
a: Renounce Religion, Berserk, Trog's Hand, Brothers in Arms


You were on level 8 of the Dungeon.
You worshipped Trog.
Trog was greatly pleased with you.
You visited 1 branch of the dungeon, and saw 8 of its levels.

You collected 317 gold pieces.

Inventory:

Hand Weapons
 a - a +0 hand axe (weapon)
Missiles
 r - a throwing net (quivered)
Armour
 u - a +0 pair of gloves (worn)
 x - a +0 chain mail (worn)
Wands
 i - a wand of iceblast (5)
 y - a wand of digging (4)
 A - a wand of acid (12)
Scrolls
 b - a scroll of enchant armour {unknown}
 f - 3 scrolls of fog {unknown}
 g - 2 scrolls of enchant weapon {unknown}
 h - 6 scrolls of identify {unknown}
 j - a scroll of blinking {unknown}
 o - 3 scrolls of poison {unknown}
 q - a scroll of fear {unknown}
 s - 4 scrolls of amnesia {unknown}
 t - 3 scrolls of teleportation {unknown}
 v - 3 scrolls of vulnerability {unknown}
Potions
 c - 4 potions of heal wounds {unknown}
 d - 3 potions of resistance {unknown}
 e - 3 potions of curing
 k - a potion of degeneration {unknown}
 l - a potion of magic {unknown}
 m - a potion of flight {unknown}
 n - 3 potions of brilliance {unknown}
 p - 3 potions of mutation {unknown}
 w - a potion of haste {unknown}
 z - a potion of might {unknown}


   Skills:
 + Level 9.4 Fighting
 + Level 9.3 Axes
 + Level 9.0 Armour
 + Level 8.2 Dodging


You had 8 spell levels left.
You didn't know any spells.
Your spell library was empty.

Dungeon Overview and Level Annotations

Branches:
Dungeon (8/15)             Temple (0/1) D:5
   Lair: D:8-11

Altars:
Cheibriados
Hepliaklqana

Shops:
D:5 (

Annotations:
D:6 3 runed translucent doors, Quercus's ghost, novice DsEE


Innate Abilities, Weirdness & Mutations

You have a pair of horns on your head.
You reflexively headbutt those who attack you in melee.


Message History

Unknown command.
You are too injured to fight recklessly!
You hit the ice beast.
The ice beast is severely wounded.
You closely miss the ice beast. You hit the wolf but do no damage.
The wolf closely misses you. The wolf completely misses you.
You furiously retaliate!
You headbutt the wolf!
The ice beast hits you but does no damage. x2
Unknown command.
You slash the ice beast!
You kill the ice beast!
Trog accepts your kill.
You hit the wolf. You hit the ice beast but do no damage.
The wolf closely misses you. The wolf barely misses you.
The ice beast hits you. The ice beast freezes you.
* * * LOW HITPOINT WARNING * * *
Your Armour skill increases to level 9!
You hit the ice beast but do no damage. Your headbutt misses the ice beast.
You hit the wolf but do no damage. The wolf bites you but does no damage.
The ice beast hits you.
* * * LOW HITPOINT WARNING * * *
The ice beast freezes you!
* * * LOW HITPOINT WARNING * * *
The wolf bites you but does no damage.
You hit the ice beast.
The ice beast is moderately wounded.
You hit the wolf. The wolf barely misses you.
The ice beast hits you but does no damage.
The wolf bites you.
* * * LOW HITPOINT WARNING * * *
An orc comes into view. It is wielding a +0 hand axe.
An orc warrior comes into view. It is wielding a +0 scimitar.
The ice beast hits you but does no damage.
The orc warrior shouts!
The orc shouts!
You slash the ice beast! Your headbutt misses the ice beast.
The ice beast is heavily wounded.
You miss the wolf. The wolf bites you but does no damage.
The wolf barely misses you. You furiously retaliate!
You headbutt the wolf. The ice beast hits you.
You die...

...... .#. .#.#......
#.....##!#.#.#.......# .
#....... ...#.##....# .[
#......###..#......).
.o.#..~.......$#.##..>)#
..........#))##.#......
#.....†..).?.....###.
##.h..#..).#.....# #.
#...@..#####.....# #.
#.#.Y.......#.##..# #.
.o.....####.#.....# #.
##.....#. ###...# #.
......##.# ....# #.
....... .# .#.#.# ##
...#### .# [##


You could see an orc warrior, an ice beast, a wolf and an orc.

Vanquished Creatures
  Grinder (D:6)
  A hornet (D:7)
  Sigmund (D:6)
  A wyvern (D:7)
  A steam dragon (D:6)
  A water moccasin (D:7)
  2 sky beasts
  7 ice beasts
  2 ogres (D:6)
  A black bear (D:6)
  2 wolves (D:8)
  A phantom (D:6)
  6 bullfrogs
  A scorpion (D:5)
  3 wights (D:8)
  4 killer bees (D:6)
  A howler monkey (D:7)
  2 jellies (D:5)
  5 hounds
  3 orc priests
  2 gnoll boudas
  Terence (D:2)
  2 iguanas
  3 orc wizards
  9 gnolls
  5 adders
  2 white imps
  An ufetubus (D:6)
  3 worms
  3 dart slugs
  19 orcs
  3 ball pythons
  5 endoplasms
  3 giant cockroaches
  3 goblins (D:1)
  5 hobgoblins
  9 jackals
  2 kobolds
  A quokka (D:1)
  3 bats (D:1)
  A frilled lizard (D:1)
  4 rats
135 creatures vanquished.

Notes
Turn   | Place    | Note
-------+----------+-------------------------------------------
     0 | D:1      | LLlMATKO the Minotaur Berserker began the quest for the
                  | Orb.
     0 | D:1      | Reached XP level 1. HP: 19/19 MP: 0/0
   144 | D:1      | Reached XP level 2. HP: 24/27 MP: 1/1
   637 | D:1      | Reached XP level 3. HP: 32/33 MP: 2/2
   696 | D:1      | Reached ** piety under Trog
  1066 | D:2      | Noticed Terence
  1070 | D:2      | Killed Terence
  1071 | D:2      | Reached XP level 4. HP: 28/39 MP: 3/3
  1795 | D:3      | You fall into a shaft and drop 2 floors!
  1795 | D:5      | Entered Level 5 of the Dungeon
  1882 | D:4      | Reached XP level 5. HP: 39/47 MP: 4/4
  2983 | D:4      | Found a hazy altar of Hepliaklqana.
  3114 | D:5      | Reached skill level 5 in Fighting
  3114 | D:5      | Reached skill level 5 in Axes
  3117 | D:5      | Reached XP level 6. HP: 50/56 MP: 5/5
  3372 | D:5      | Noticed an ice beast
  3381 | D:5      | Killed an ice beast
  3417 | D:5      | HP: 2/56 [poisoned by a scorpion]
  3589 | D:5      | Noticed a sky beast
  3599 | D:5      | Killed a sky beast
  3600 | D:5      | Reached skill level 5 in Armour
  3600 | D:5      | Reached XP level 7. HP: 62/62 MP: 6/6
  3699 | D:5      | Found a staircase to the Ecumenical Temple.
  3812 | D:5      | Found Qoeqe Hioxze's Antique Weapon Emporium.
  3947 | D:6      | Noticed a steam dragon
  3962 | D:6      | Killed a steam dragon
  3963 | D:6      | Reached skill level 5 in Dodging
  4156 | D:6      | Reached XP level 8. HP: 65/71 MP: 7/7
  4356 | D:6      | Noticed Grinder
  4373 | D:6      | Paralysed by Grinder for 3 turns
  4380 | D:6      | Paralysed by Grinder for 4 turns
  4384 | D:6      | Killed Grinder
  4517 | D:6      | Noticed Sigmund
  4792 | D:6      | Killed Sigmund
  4867 | D:6      | Found a runed translucent gate.
  4867 | D:6      | Found a runed translucent gate.
  4867 | D:6      | Found a runed translucent gate.
  4868 | D:6      | Noticed Quercus's ghost (novice DsEE)
  5196 | D:7      | Reached XP level 9. HP: 80/81 MP: 8/8
  5255 | D:7      | Reached *** piety under Trog
  5452 | D:7      | Paralysed by a hornet for 3 turns
  5811 | D:7      | Found a snail-covered altar of Cheibriados.
  6220 | D:8      | Reached **** piety under Trog
  6226 | D:8      | HP: 3/84 [wolf (6)]
  6227 | D:8      | Slain by an ice beast

Illustrated notes

Levels and vault maps discovered:
D:1:      spicycebolla_arrival_xxxplode, layout_loops_ring
D:2:      layout_loops_ring, uniq_terence
D:3:      layout_basic, minivault_27, chequers_serial_rivers_room_a,
          wad_floor_pattern_1, dreamdust_princess_corridor,
          kennysheep_crisscross
D:4:      layout_basic, nzn_hepliaklqana_mist_gate
D:5:      layout_rooms, minmay_temple_entry_ruins, serial_shops, shop
D:6:      layout_cave_pods, gammafunk_ghost_necromancy, uniq_sigmund,
          uniq_grinder
D:7:      layout_rooms, marbit_many_paths
D:8:      layout_basic, mainiacjoe_overflow_alcove_3, hellmonk_lair_entry_icy,
          roderic_roman_lattice

Skill      XL: |  1  2  3  4  5  6  7  8  9 |
---------------+----------------------------+-----
Fighting       | 4 5 6 7 9 |  9.4
Axes           | 4 5 6 7 9 |  9.3
Armour         | 3 4 5 6 7 9 |  9.0
Dodging        | 3 4 5 6 8 |  8.2

Action                     |  1- 3 |  4- 6 |  7- 9 || total
---------------------------+-------+-------+-------++-------
  Melee: Hand axe          |    65 |   107 |   232 ||   404
         Headbutt          |     8 |    24 |    40 ||    72
         Unarmed           |       |    15 |       ||    15
         Punch             |       |       |     6 ||     6
 Invoke: Berserk           |       |     4 |     8 ||    12
    Use: Potion            |       |     1 |       ||     1
   Stab: Sleeping          |     2 |       |       ||     2
 Armour: Animal skin       |     7 |       |       ||     7
         Ring mail         |     7 |       |       ||     7
         Scale mail        |       |    28 |       ||    28
         Chain mail        |       |    33 |   118 ||   151
  Dodge: Dodged            |    41 |    78 |   139 ||   258
